 Dungeon Crawl Stone Soup version 0.26.1-11-gd32895ea62 (webtiles) character file.

Game seed: 14719138813602247738

36 nothank2 the Skirmisher (level 3, -3/29 HPs)
             Began as a Demonspawn Abyssal Knight on July 12, 2021.
             Was a Follower of Lugonu.
             Slain by a worm (9 damage)
             ... on level 2 of the Dungeon.
             The game lasted 00:02:28 (1390 turns).

nothank2 the Skirmisher (Demonspawn Abyssal Knight) Turns: 1390, Time: 00:02:29

Health: -3/29      AC:  6    Str: 13    XL:     3   Next: 19%
Magic:  4/4        EV: 11    Int: 13    God:    Lugonu [*.....]
Gold:   49         SH:  0    Dex: 12    Spells: 2/2 levels left

rFire    . . .     SeeInvis .   a - +1 falchion
rCold    . . .     Faith    .   (no shield)
rNeg     . . .     Spirit   .   b - +0 leather armour
rPois    .         Reflect  .   (no helmet)
rElec    .         Harm     .   (no cloak)
rCorr    .         Rampage  .   (no gloves)
Will     .....                  (no boots)
Stlth    +.........             (no amulet)
HPRegen  0.09/turn              (no ring)
MPRegen  0.09/turn              (no ring)

@: no status effects
A: thin metallic scales 2
a: Renounce Religion, Depart the Abyss


You were on level 2 of the Dungeon.
You worshipped Lugonu.
Lugonu was aware of your devotion.
You visited 1 branch of the dungeon, and saw 2 of its levels.
You visited the Abyss 1 time.

You collected 49 gold pieces.

Inventory:

Hand Weapons
 a - a +1 falchion (weapon)
Armour
 b - a +0 leather armour (worn)
Scrolls
 c - a scroll of remove curse {unknown}
 d - a scroll of identify {unknown}
 h - a scroll of teleportation {unknown}
Potions
 e - a potion of flight {unknown}
 f - a potion of might {unknown}
 g - a potion of resistance {unknown}


   Skills:
 + Level 3.4 Fighting
 * Level 2.9 Long Blades
 - Level 1.7 Armour
 - Level 0.8 Dodging
 - Level 2.4 Invocations


You had 2 spell levels left.
You didn't know any spells.
Your spell library was empty.

Dungeon Overview and Level Annotations

Branches:
Dungeon (2/15)

Altars:


Innate Abilities, Weirdness & Mutations

You are mostly covered in thin metallic scales. (AC +3)


Message History

Lugonu accepts your kill. The worm bites you!
You barely miss the worm. You slash the worm!
The worm is moderately wounded.
The worm bites you.
You hit the worm.
The worm is severely wounded.
The worm bites you.
You hit the worm.
The worm is severely wounded.
You hit the worm.
The worm is almost dead.
The worm bites you but does no damage. The worm barely misses you.
You hit the worm.
The worm is almost dead.
The worm bites you!
* * * LOW HITPOINT WARNING * * *
The worm bites you!
You die...

#. .. #. #.#
#####.####.#
..........#
##.....##.#
##.........#####.
#................
#.......w@w.#
#.#.....##.##
##.##...###.#
.##...##.####.#
...........##.#
###..(##.)w...#
##? #.#.##.# #
#...#..# ##.##..<


You could see 2 worms.

Vanquished Creatures
  2 oozes (D:1)
  A leopard gecko (D:1)
  A ball python (D:1)
  3 giant cockroaches
  A goblin (D:1)
  2 hobgoblins (D:1)
  4 kobolds
  6 bats (D:1)
  2 frilled lizards (D:1)
  4 rats (D:1)
26 creatures vanquished.

Notes
Turn   | Place    | Note
-------+----------+-------------------------------------------
     0 | Abyss:1  | nothank2 the Demonspawn Abyssal Knight began the quest for
                  | the Orb.
     0 | Abyss:1  | Reached XP level 1. HP: 18/18 MP: 2/2
     9 | Abyss:1  | Found an opulent altar of Gozag.
    43 | Abyss:1  | Noticed a thrashing horror
    44 | D:1      | Escaped the Abyss
   133 | D:1      | Gained mutation: You are partially covered in thin metallic
                  | scales. (AC +2) [demonic ancestry]
   133 | D:1      | Reached XP level 2. HP: 24/24 MP: 3/3
   254 | D:1      | Reached * piety under Lugonu
   814 | D:1      | Gained mutation: You are mostly covered in thin metallic
                  | scales. (AC +3) [demonic ancestry]
   814 | D:1      | Reached XP level 3. HP: 26/29 MP: 4/4
  1390 | D:2      | Slain by a worm

Illustrated notes

Levels and vault maps discovered:
D:1:      saegor_arrival_miasma, layout_loops_corners
D:2:      layout_loops_ring, gammafunk_temple_overflow_forgotten,
          elyvilon_altar_1, uniq_natasha

Skill      XL: |  1 |
---------------+----+-----
Long Blades    | 2 |  2.9
Fighting       | |  3.4
Armour         | |  1.7
Dodging        | |  0.8
Invocations    | |  2.4

Action                   || total
-------------------------++-------
Melee: Falchion          ||    85
Invok: Depart the Abyss  ||     1
Armor: Leather armour    ||    36
Dodge: Dodged            ||    59
       Rpst.: Falchion   ||    17
